[Event "*** Titled Tuesday Blitz"]
[Site "Chess.com"]
[Date "2020.04.14"]
[Round "6"]
[White "leopato"]
[Black "Mimsychess"]
[Result "1-0"]
[WhiteElo "2121"]
[BlackElo "2363"]
[TimeControl "180+1"]
[EndTime "11:01:33 PDT"]
[Termination "leopato won by resignation"]

1. d4 Nf6 2. c4 g6 3. Nc3 Bg7 4.
e4 d6 5. Nf3 O-O 6. Be2 e5 7.
O-O exd4 8. Nxd4 Re8 9. f3 Nc6 10. Nxc6 bxc6 11. Kh1 Rb8 12. Qd3 Nd7 13. Rd1 Nc5 14.
Qc2 Be6 15. Be3 Qe7 16. Bf1 a5 17. Rd2 Rb4 18. b3 a4 19. Bxc5 dxc5 20. Nxa4 Bxa1 21. Nc3 Bxc3 22. Qxc3 Rd8 23. h3 Rxd2 24. Qxd2 Rb8 25.
f4 Rd8 26. Qe3 1-0

[Event "*** Titled Tuesday Blitz"]
[Site "Chess.com"]
[Date "2020.04.14"]
[Round "6"]
[White "hedgehog280"]
[Black "almo64"]
[Result "0-1"]
[WhiteElo "2669"]
[BlackElo "2865"]
[TimeControl "180+1"]
[EndTime "11:01:34 PDT"]
[Termination "almo64 won by resignation"]

1. c4 e6 2. g3 d5 3. Bg2 a6 4.
d4 dxc4 5. Nf3 b5 6. a4 Bb7 7.
O-O Nf6 8. b3 cxb3 9. Qxb3 Bd5 10. Qc2 c6 11. axb5 cxb5 12. Nc3 Bb7 13. e4 Be7 14. e5 Nd5 15. Ne4 h6 16. Ba3 b4 17.
Bb2 Nc6 18. Nfd2 O-O 19. Nc4 a5 20. Ncd6 Qb6 21. Rfc1 Nxd4 22. Bxd4 Qxd4 23. Nxb7 Rfc8 24. Qa4 Qxe5 25. Rxc8+ Rxc8 26. Qxa5 b3 27. Qd2 Qxa1+ 0-1

[Event "*** Titled Tuesday Blitz"]
[Site "Chess.com"]
[Date "2020.04.14"]
[Round "6"]
[White "PawnEatingZombie"]
[Black "gliglu"]
[Result "0-1"]
[WhiteElo "2140"]
[BlackElo "2383"]
[TimeControl "180+1"]
[EndTime "11:01:38 PDT"]
[Termination "gliglu won by resignation"]

1. d4 e6 2. c4 b6 3. e4 Bb7 4. Nc3 Bb4 5. Qc2 Ne7 6. Nf3 O-O 7. Bd3 c5 8. d5 d6 9. O-O e5 10. Bd2 Nd7 11. a3 Bxc3 12. Bxc3 Ng6 13. g3 Nf6 14. Nd2 Bc8 15. f3 Bd7 16. Rae1 Nh5 17. a4 Qg5 18. Rf2 Ngf4 19. Kh1 Nxg3+ 20. hxg3 Qxg3 21. Nf1 Qh4+ 22. Rh2 Bh3 23. Ne3 Qg3 24. Rf1 Bxf1 25. Bxf1 Qxf3+ 0-1

[Event "*** Titled Tuesday Blitz"]
[Site "Chess.com"]
[Date "2020.04.14"]
[Round "6"]
[White "bmt011"]
[Black "Trankuilizer"]
[Result "0-1"]
[WhiteElo "2010"]
[BlackElo "2618"]
[TimeControl "180+1"]
[EndTime "11:01:38 PDT"]
[Termination "Trankuilizer won by resignation"]

1. d4 Nf6 2. Bf4 g6 3. Nf3 Bg7 4. e3 O-O 5. Be2 d6 6. h3 b6 7. a4 a6 8. O-O Bb7 9. Bh2 Nbd7 10. c4 c5 11. Nc3 cxd4 12. exd4 Rc8 13. Qd3 Re8 14.
d5 Nc5 15. Qc2 a5 16. Nd4 Nxd5 17. Ndb5 Nb4 18. Qd2 Nb3 19. Qg5 Nxa1 20. Rxa1 Rc5 21. Qh4 Bf6 22. Qg3 Rg5 23. Qe3 Rxg2+ 0-1

[Event "*** Titled Tuesday Blitz"]
[Site "Chess.com"]
[Date "2020.04.14"]
[Round "6"]
[White "OhanyanEminChess"]
[Black "SavelievAlexei"]
[Result "1-0"]
[WhiteElo "2548"]
[BlackElo "2383"]
[TimeControl "180+1"]
[EndTime "11:01:39 PDT"]
[Termination "OhanyanEminChess won by resignation"]

1. e4 c5 2. Nf3 e6 3. d4 cxd4 4. Nxd4 a6 5. Nc3 Qc7 6. Be3 Nf6 7. f3 Bb4 8. Ne2 d5 9. a3 Bxc3+ 10. Nxc3 dxe4 11.
Nxe4 Nxe4 12. fxe4 Nc6 13. Bd3 e5 14. O-O Be6 15.
Qe2 O-O 16. Qf2 f6 17. Qg3 Qf7 18. Rf2 Rad8 19. Raf1 Qg6 20. Qh4 Nd4 21. h3 Rd7 22.
c3 Nc6 23. Be2 Qe8 24. Qg3 Qe7 25. b4 Rfd8 26. Bc5 Qe8 27. Rxf6 Rd2 28. Bh5 1-0

[Event "*** Titled Tuesday Blitz"]
[Site "Chess.com"]
[Date "2020.04.14"]
[Round "6"]
[White "maxsergej"]
[Black "algatar2020"]
[Result "1-0"]
[WhiteElo "2237"]
[BlackElo "1874"]
[TimeControl "180+1"]
[EndTime "11:01:40 PDT"]
[Termination "maxsergej won by checkmate"]

1. e4 c6 2. d4 d5 3. exd5 cxd5 4. c4 Nf6 5. Nc3 Nc6 6. Nf3 Bg4 7. c5 Bxf3 8. gxf3 e6 9. Bb5 Be7 10. Bf4 O-O 11. Qd2 Nh5 12. Be3 Rc8 13. Rg1 Bf6 14.
Rd1 g6 15. f4 Ng7 16. Bd3 Nxd4 17. Bxd4 Bxd4 18. Bxg6 Bxc3 19. Bxh7+ Kxh7 20. Qxc3 Qh4 21. Qxg7# 1-0

[Event "*** Titled Tuesday Blitz"]
[Site "Chess.com"]
[Date "2020.04.14"]
[Round "6"]
[White "MrChampion_Coach"]
[Black "fabianvivasz"]
[Result "0-1"]
[WhiteElo "2328"]
[BlackElo "2228"]
[TimeControl "180+1"]
[EndTime "11:01:41 PDT"]
[Termination "fabianvivasz won by checkmate"]

1. e4 c5 2. Nf3 d6 3. c3 Nf6 4. Be2 a6 5. O-O e6 6. d3 Be7 7. Nbd2 O-O 8. Re1 Nc6 9. Nf1 b5 10. a4 b4 11. Ng3 d5 12. e5 Nd7 13. d4 bxc3 14. bxc3 cxd4 15. cxd4 a5 16. Ba3 Nb4 17. Nh5 Ba6 18. Bxa6 Rxa6 19. Nd2 g6 20. Qg4 Bg5 21.
Bxb4 gxh5 22. Qg3 h4 23. Qg4 axb4 24. f4 h5 25. Qxg5+ Qxg5 26. fxg5 Rfa8 27. Rec1 Rxa4 28. Rxa4 Rxa4 29. Rc7 Nb6 30. Rb7 Nc4 31. Nb3 Kg7 32.
Kf2 Kg6 33. Rb8 Ra2+ 34. Kf3 Ra3 35. Rxb4 Rxb3+ 36. Rxb3 Nd2+ 37. Kf4 Nxb3 38. g3 hxg3 39. Kxg3 Kxg5 40. Kh3 Nxd4 41. Kg3 h4+ 42. Kh3 Nf3 43. Kg2 Kf4 44. Kh3 d4 45. Kg2 d3 46. Kh3 d2 47.
Kg2 d1=Q 48. Kh3 Qf1# 0-1

[Event "*** Titled Tuesday Blitz"]
[Site "Chess.com"]
[Date "2020.04.14"]
[Round "6"]
[White "XDPS"]
[Black "Hikaru"]
[Result "0-1"]
[WhiteElo "2739"]
[BlackElo "3243"]
[TimeControl "180+1"]
[EndTime "11:01:42 PDT"]
[Termination "Hikaru won by resignation"]

1. d4 Nf6 2. c4 g6 3. Nc3 Bg7 4.
e4 d6 5. Be2 O-O 6. Nf3 e5 7.
O-O Nc6 8. d5 Ne7 9. b4 Ne8 10. a4 a5 11. bxa5 c5 12. Nd2 Rxa5 13.
Nb3 Ra6 14. Kh1 f5 15. Bd2 Nf6 16. exf5 Nxf5 17. f4 e4 18. Qc2 Re8 19. Nd1 Nd4 20. Nxd4 cxd4 21. Nb2 Bf5 22. Qc1 e3 23. Be1 Ne4 24.
Nd3 Nc5 25. Nxc5 dxc5 26. Ra3 Qd7 27. a5 b6 28. axb6 Rxb6 29. Qd1 Rb1 30. Qa4 Qxa4 31. Rxa4 d3 0-1

[Event "*** Titled Tuesday Blitz"]
[Site "Chess.com"]
[Date "2020.04.14"]
[Round "6"]
[White "AvitalBor"]
[Black "eightbyeightchess"]
[Result "1-0"]
[WhiteElo "2747"]
[BlackElo "2417"]
[TimeControl "180+1"]
[EndTime "11:01:45 PDT"]
[Termination "AvitalBor won by resignation"]

1. e4 e6 2. d4 d5 3. Nd2 Nf6 4. e5 Nfd7 5. c3 c5 6. Bd3 Nc6 7. Ndf3 cxd4 8. cxd4 g6 9. Ne2 Bg7 10. O-O O-O 11. Nf4 Qe7 12. Re1 Nb6 13. a3 f6 14.
exf6 Qxf6 15. Be3 Nxd4 16. Nxd4 e5 17. Nfe2 exd4 18. Bxd4 Qf7 19. Bc2 Bg4 20. f3 Bxf3 21.
gxf3 Qxf3 22. Qd3 Qg4+ 23. Kh1 Rf2 24. Bxf2 Rf8 25. Bxb6 axb6 26. Qxd5+ Kh8 27. Ng3 1-0

[Event "*** Titled Tuesday Blitz"]
[Site "Chess.com"]
[Date "2020.04.14"]
[Round "6"]
[White "Alliswell998"]
[Black "gmkomarov"]
[Result "1/2-1/2"]
[WhiteElo "2554"]
[BlackElo "2407"]
[TimeControl "180+1"]
[EndTime "11:01:45 PDT"]
[Termination "Game drawn by agreement"]

1. d4 d5 2. Nc3 Nf6 3. Bg5 c5 4. e3 e6 5. Nf3 Nc6 6. Bb5 Bd7 7. O-O Be7 8. Ne5 O-O 9. Nxd7 Nxd7 10. Bxe7 Qxe7 11.
dxc5 Nxc5 12. Qe2 Ne5 13. f4 Ned7 14. Rad1 Nf6 15. Bd3 Rfd8 16. g4 Nxd3 17. cxd3 d4 18. exd4 Rxd4 19. g5 Nd5 20. Nxd5 Rxd5 21. Rf3 Rad8 22.
Rh3 g6 23. Qf2 Qc5 24. Kg2 Qxf2+ 25. Kxf2 Rd4 26. Ke3 Rb4 27. Rd2 Rc8 28. Rf3 Kf8 29. a3 Rb3 30. Rff2 Rd8 31. Ke4 Ke7 32. Rf1 Rc8 33. Rfd1 Rb6 1/2-1/2

[Event "*** Titled Tuesday Blitz"]
[Site "Chess.com"]
[Date "2020.04.14"]
[Round "6"]
[White "WastefulJustice"]
[Black "northridgehawk"]
[Result "1/2-1/2"]
[WhiteElo "2441"]
[BlackElo "2283"]
[TimeControl "180+1"]
[EndTime "11:01:45 PDT"]
[Termination "Game drawn by repetition"]

1. e4 e5 2. Nf3 Nc6 3. d4 exd4 4. Bc4 Nf6 5. e5 d5 6. Bb5 Ne4 7. Nxd4 Bd7 8. Bxc6 bxc6 9. O-O Bc5 10. f3 Ng5 11. f4 Bg4 12. Qxg4 Bxd4+ 13. Kh1 Ne4 14. Qxg7 Qh4 15. Nc3 Bxc3 16. bxc3 O-O-O 17. Be3 Rhg8 18. Qxf7 Ng3+ 19. Kg1 Ne2+ 20. Kh1 Ng3+ 21. Kg1 Ne2+ 22. Kh1 Ng3+ 1/2-1/2

[Event "*** Titled Tuesday Blitz"]
[Site "Chess.com"]
[Date "2020.04.14"]
[Round "6"]
[White "DishonorOnYourCow"]
[Black "rozabaku"]
[Result "0-1"]
[WhiteElo "2270"]
[BlackElo "2441"]
[TimeControl "180+1"]
[EndTime "11:01:46 PDT"]
[Termination "rozabaku won by resignation"]

1. d4 Nf6 2. c4 g6 3. Nc3 d5 4.
cxd5 Nxd5 5. Nxd5 Qxd5 6. Nf3 Bg7 7. g3 c5 8. dxc5 Qxc5 9. Bg2 O-O 10. O-O Nc6 11.
Be3 Qa5 12. Qb3 Rb8 13. Bf4 Be6 14. Qe3 Rbc8 15. Ng5 Bf5 16. Qb3 Nd4 17. Qxb7 Nxe2+ 18. Kh1 Nxf4 19. gxf4 Rc7 20. Qb3 Bc2 21. Qh3 h6 22.
Nf3 h5 23. Ne5 Bxe5 24. fxe5 Qxe5 25. Qa3 Be4 26. Bxe4 Qxe4+ 27. f3 Qf4 28. Rae1 Rc2 0-1

[Event "*** Titled Tuesday Blitz"]
[Site "Chess.com"]
[Date "2020.04.14"]
[Round "6"]
[White "Gentlejimmy7"]
[Black "PchelkinVK"]
[Result "1-0"]
[WhiteElo "2640"]
[BlackElo "2466"]
[TimeControl "180+1"]
[EndTime "11:01:49 PDT"]
[Termination "Gentlejimmy7 won by resignation"]

1. d4 e5 2. dxe5 d6 3. e4 Nc6 4. Nf3 Bg4 5. Be2 dxe5 6. Qxd8+ Rxd8 7. c3 Nf6 8. h3 Bh5 9. Bg5 Be7 10. Nbd2 Bg6 11.
Bxf6 Bxf6 12. O-O-O Ke7 13. g4 h6 14. h4 Ke8 15. Bb5 Rd6 16. g5 hxg5 17. hxg5 Rxh1 18. Rxh1 Be7 19. Bxc6+ Rxc6 20. Nxe5 Bxg5 21. Nxc6 bxc6 22. f3 Ke7 23. Kc2 f5 24. Kd3 Bxd2 25. Kxd2 fxe4 26. fxe4 Kf6 27. Ke3 Bf7 28. Rf1+ Ke6 29. b3 Bg6 30. Rg1 Kf6 31. Kf4 Be8 32. Rg5 1-0

[Event "*** Titled Tuesday Blitz"]
[Site "Chess.com"]
[Date "2020.04.14"]
[Round "6"]
[White "adriangschnitzer"]
[Black "powermove"]
[Result "1-0"]
[WhiteElo "2361"]
[BlackElo "1505"]
[TimeControl "180+1"]
[EndTime "11:01:49 PDT"]
[Termination "adriangschnitzer won by checkmate"]

1. c4 Nf6 2. Nc3 e5 3. Nf3 Nc6 4. e3 d5 5. cxd5 Nxd5 6. Bb5 Nxc3 7. bxc3 Bd6 8. d4 exd4 9. cxd4 O-O 10. O-O Bg4 11.
h3 Bh5 12. Be2 Qe7 13. Rb1 Rab8 14. Re1 Rfd8 15. Bd2 Qf6 16. Qc2 Bg6 17. Bd3 Bxd3 18. Qxd3 h6 19. Bc3 Qe7 20. Qc4 Qe4 21. Nd2 Qh4 22.
e4 Bf8 23. d5 Ne7 24. Qxc7 Rdc8 25. Qe5 Ng6 26. Qd4 Bc5 27. Qxg7# 1-0

[Event "*** Titled Tuesday Blitz"]
[Site "Chess.com"]
[Date "2020.04.14"]
[Round "6"]
[White "lrestevez"]
[Black "hakki1"]
[Result "0-1"]
[WhiteElo "2159"]
[BlackElo "2392"]
[TimeControl "180+1"]
[EndTime "11:01:50 PDT"]
[Termination "hakki1 won by resignation"]

1. e4 Nf6 2. e5 Nd5 3. Nc3 c6 4. Bc4 e6 5. d4 d6 6. exd6 Bxd6 7. Nxd5 cxd5 8. Bd3 O-O 9. Nf3 h6 10. O-O Nc6 11. c3 Bd7 12. Be3 Qf6 13. Bc2 Qe7 14.
Qd2 f5 15. Bf4 Bxf4 16. Qxf4 g5 17. Qd2 g4 18. Ne5 Nxe5 19. dxe5 Qg5 20. Qd4 f4 21. Qd3 Rf5 22. Rfe1 Raf8 23. Qd4 R5f7 24. Qxa7 g3 25. hxg3 fxg3 26. fxg3 Qd2 27. Qe3 Qxc2 28. Qxh6 Qf2+ 0-1

[Event "*** Titled Tuesday Blitz"]
[Site "Chess.com"]
[Date "2020.04.14"]
[Round "6"]
[White "Nitzan_Steinberg"]
[Black "Bigfish1995"]
[Result "0-1"]
[WhiteElo "2902"]
[BlackElo "3107"]
[TimeControl "180+1"]
[EndTime "11:01:53 PDT"]
[Termination "Bigfish1995 won by checkmate"]

1. e4 e5 2. Nf3 Nc6 3. Bb5 a6 4.
Ba4 Nf6 5. O-O b5 6. Bb3 Bc5 7.
c3 d6 8. d4 Bb6 9. a4 Bg4 10.
d5 Ne7 11. Re1 O-O 12. Qd3 Nd7 13. Be3 Bxf3 14. gxf3 Ng6 15. Kh1 Qf6 16. Bxb6 cxb6 17. Qe3 Nc5 18. Bc2 bxa4 19. Bxa4 Nf4 20. Bc2 Qh4 21. Rg1 f5 22. b4 Rf6 23. bxc5 Qxh2+ 24. Kxh2 Rh6+ 25. Kg3 Rh3# 0-1

[Event "*** Titled Tuesday Blitz"]
[Site "Chess.com"]
[Date "2020.04.14"]
[Round "6"]
[White "Fighter008"]
[Black "GracefulYear"]
[Result "1-0"]
[WhiteElo "2534"]
[BlackElo "2680"]
[TimeControl "180+1"]
[EndTime "11:01:53 PDT"]
[Termination "Fighter008 won by resignation"]

1. e4 c6 2. Nc3 d5 3. Nf3 Bg4 4. h3 Bxf3 5. Qxf3 Nf6 6. d3 e5 7. Qg3 Nbd7 8. Be2 d4 9. Nb1 Qa5+ 10. Nd2 O-O-O 11. O-O h5 12. Nc4 Qc7 13. f4 Bd6 14. Nxd6+ Qxd6 15. fxe5 Qxe5 16. Bf4 Qb5 17. Qxg7 Rhg8 18.
Qxf7 Qxb2 19. e5 Qxc2 20. Bf3 Rdf8 21. Qe7 Ne8 22. e6 Nef6 23. Rac1 Re8 24. exd7+ Nxd7 25. Qxe8+ Rxe8 26. Rxc2 1-0

[Event "*** Titled Tuesday Blitz"]
[Site "Chess.com"]
[Date "2020.04.14"]
[Round "6"]
[White "Alexandercs432"]
[Black "BojanR1"]
[Result "0-1"]
[WhiteElo "2119"]
[BlackElo "2336"]
[TimeControl "180+1"]
[EndTime "11:01:56 PDT"]
[Termination "BojanR1 won on time"]

1. e4 c5 2. Nf3 Nc6 3. d4 cxd4 4. Nxd4 e5 5. Nb5 a6 6. Nd6+ Bxd6 7. Qxd6 Qf6 8. Qxf6 Nxf6 9. Nc3 d5 10. Bg5 d4 11.
Nd5 Nxd5 12. exd5 Nb4 13. O-O-O f6 14. Bd2 Nxd5 15. Bc4 Be6 16. Bxd5 Bxd5 17. Kb1 O-O 18. f3 Rac8 19. Bb4 Rfd8 20. b3 Kf7 21. Rhe1 b6 22.
Ba3 Re8 23. Bb2 Rc7 24. h3 g5 25. Rd2 h5 26. Ree2 Rec8 27. Re1 Be6 28. Ree2 Bf5 29. a4 b5 30. axb5 axb5 31. Ba3 Rc6 32. Bb2 g4 33. hxg4 hxg4 34. Rf2 gxf3 35. gxf3 Ke6 36. Rfe2 Kd5 37. Rf2 b4 38. Rfe2 Rh8 39. Rf2 Rh1+ 40. Bc1 Rc3 41.
Kb2 d3 42. cxd3 Bxd3 0-1

[Event "*** Titled Tuesday Blitz"]
[Site "Chess.com"]
[Date "2020.04.14"]
[Round "6"]
[White "Jenia84"]
[Black "Shahinyan_ChessMood"]
[Result "1-0"]
[WhiteElo "2364"]
[BlackElo "2663"]
[TimeControl "180+1"]
[EndTime "11:01:59 PDT"]
[Termination "Jenia84 won by resignation"]

1. e4 d6 2. d4 Nf6 3. Nc3 e5 4. Nf3 Nbd7 5. Bc4 Be7 6. a4 O-O 7. O-O c6 8. h3 h6 9. Be3 Qc7 10. a5 Re8 11. Nh4 Nxe4 12. Bxf7+ Kxf7 13. Qh5+ Kg8 14. Qxe8+ Nf8 15. Ng6 Nxc3 16. Nxe7+ Kh7 17. Qxf8 Be6 18. Qxa8 Ne2+ 19. Kh2 Qxe7 20. Rae1 Bc4 21. Qc8 Be6 22. Qb8 Bc4 23. b3 Ba6 24. c4 Nc3 25.
dxe5 Qxe5+ 26. f4 Qf6 27. Bxa7 d5 28. Qe5 1-0

[Event "*** Titled Tuesday Blitz"]
[Site "Chess.com"]
[Date "2020.04.14"]
[Round "6"]
[White "karinachess1"]
[Black "Aryangholami"]
[Result "0-1"]
[WhiteElo "2484"]
[BlackElo "2723"]
[TimeControl "180+1"]
[EndTime "11:01:59 PDT"]
[Termination "Aryangholami won on time"]

1. Nf3 Nf6 2. c4 g6 3. d4 Bg7 4.
Nc3 O-O 5. Bg5 c5 6. d5 Qa5 7.
Qc2 Ne4 8. Bd2 Nxd2 9. Nxd2 d6 10. e4 a6 11. Be2 Bd7 12. O-O b5 13. f4 b4 14. Nd1 Qd8 15. Nf3 e6 16. Ne3 exd5 17. Nxd5 Nc6 18. Rad1 Nd4 19. Nxd4 Bxd4+ 20. Kh1 Re8 21. Bd3 a5 22. Rde1 Ra7 23. e5 dxe5 24.
fxe5 Rxe5 25. Rxe5 Bxe5 26. Qf2 Be6 27. Qxc5 Rd7 28.
Be4 Qh4 29. Qg1 Qxe4 30. Re1 Qd4 31. Qf1 Bxd5 32. cxd5 Qxd5 33. Qe2 Re7 34. b3 Bd6 0-1

[Event "*** Titled Tuesday Blitz"]
[Site "Chess.com"]
[Date "2020.04.14"]
[Round "6"]
[White "bangchess21"]
[Black "Mfcyryd"]
[Result "0-1"]
[WhiteElo "2681"]
[BlackElo "2499"]
[TimeControl "180+1"]
[EndTime "11:02:05 PDT"]
[Termination "Mfcyryd won by resignation"]

1. e4 c6 2. d4 d5 3. exd5 cxd5 4. Bd3 Nf6 5. c3 Nc6 6. Bf4 g6 7. Nd2 Bg7 8. h3 O-O 9. Ngf3 Bf5 10. Bxf5 gxf5 11. g4 fxg4 12. Ne5 h5 13. hxg4 Nxe5 14. dxe5 Nxg4 15. Rxh5 f5 16. Qe2 Qe8 17. Rh1 Qa4 18. Bg3 d4 19. b3 Qc6 20. Qc4+ Qxc4 21.
Nxc4 dxc3 22. f3 f4 23. fxg4 fxg3 24. O-O-O g2 25. Rhg1 Rf2 26. a3 Bh6+ 27. Kb1 c2+ 0-1

[Event "*** Titled Tuesday Blitz"]
[Site "Chess.com"]
[Date "2020.04.14"]
[Round "6"]
[White "realmadridtv"]
[Black "Taran2004"]
[Result "1-0"]
[WhiteElo "2333"]
[BlackElo "2000"]
[TimeControl "180+1"]
[EndTime "11:02:05 PDT"]
[Termination "realmadridtv won by checkmate"]

1. e4 c6 2. Nc3 d5 3. Nf3 Bg4 4. h3 Bh5 5. exd5 cxd5 6. g4 Bg6 7. Bb5+ Nc6 8. Ne5 Rc8 9. d4 a6 10. Bxc6+ bxc6 11. h4 f6 12. h5 Bf7 13. Nxf7 Kxf7 14. Qf3 e6 15. Bd2 Bd6 16. O-O-O Ne7 17. h6 g6 18. Rhe1 Rb8 19. Na4 Rf8 20. Bc3 Qc7 21. Nc5 Bxc5 22. dxc5 f5 23. Qe3 Qd7 24. g5 d4 25.
Rxd4 Nd5 26. Qe5 Qe7 27. Rxd5 cxd5 28. c6 Rbc8 29. Bb4 Qxb4 30. Qxe6# 1-0

[Event "*** Titled Tuesday Blitz"]
[Site "Chess.com"]
[Date "2020.04.14"]
[Round "6"]
[White "YumiBear"]
[Black "Alonmindlin"]
[Result "0-1"]
[WhiteElo "2525"]
[BlackElo "2707"]
[TimeControl "180+1"]
[EndTime "11:02:08 PDT"]
[Termination "Alonmindlin won by resignation"]

1. Nf3 Nf6 2. g3 b5 3. Bg2 Bb7 4. O-O e6 5. d4 Be7 6. a4 a6 7. c3 O-O 8. axb5 axb5 9. Rxa8 Bxa8 10. Nbd2 b4 11. c4 c5 12. dxc5 Na6 13. Nb3 Nxc5 14. Be3 Qc7 15. Nbd4 Nce4 16. Qd3 Rc8 17. Ra1 Bb7 18. b3 Nc3 19. Bf4 e5 20. Bxe5 Qc5 21. Bf4 Be4 22. Qd2 h6 23. Be3 Qc7 24. Bf4 Qb7 25. Be3 Ng4 26. h3 Nxe3 27. Qxe3 Bc5 28. Qd2 Bxd4 29. Nxd4 Bxg2 30. Nf5 Bxh3 31. f3 Bxf5 0-1

[Event "*** Titled Tuesday Blitz"]
[Site "Chess.com"]
[Date "2020.04.14"]
[Round "6"]
[White "Mischuk_D"]
[Black "Korchmar_Vasiliy"]
[Result "1-0"]
[WhiteElo "2707"]
[BlackElo "2534"]
[TimeControl "180+1"]
[EndTime "11:02:12 PDT"]
[Termination "Mischuk_D won on time"]

1. e4 c5 2. Nf3 d6 3. d4 cxd4 4. Qxd4 Nc6 5. Qe3 Nf6 6. Be2 g6 7. h3 Bg7 8. O-O O-O 9. Rd1 Qc7 10. c4 Nb4 11. Qb3 Na6 12. Nc3 Nc5 13. Qc2 Be6 14.
Bf4 Rac8 15. Rac1 h6 16. Bh2 a6 17. e5 dxe5 18. Bxe5 Qb6 19. b3 Bf5 20. Qd2 Rfd8 21. Qe1 Qa5 22. Bxf6 exf6 23. Nd5 Qxe1+ 24. Rxe1 Kf8 25.
Bf1 Re8 26. Red1 Rcd8 27. b4 Ne4 28. g4 Be6 29. Ne3 Rxd1 30. Rxd1 Rc8 31. Nd4 Nc3 32. Nxe6+ fxe6 33. Rd7 f5 34. Rxb7 Nxa2 35. c5 1-0

[Event "*** Titled Tuesday Blitz"]
[Site "Chess.com"]
[Date "2020.04.14"]
[Round "6"]
[White "zacachess"]
[Black "ninullia"]
[Result "0-1"]
[WhiteElo "2283"]
[BlackElo "2463"]
[TimeControl "180+1"]
[EndTime "11:02:13 PDT"]
[Termination "ninullia won on time"]

1. d4 Nf6 2. Bf4 d5 3. Nc3 c5 4. e3 a6 5. Nf3 Nc6 6. Be2 e6 7. O-O Bd6 8. Bg3 O-O 9. dxc5 Bxc5 10. Ne5 Nxe5 11. Bxe5 b5 12. Bf3 Bb7 13. Ne2 Nd7 14.
Bd4 Rc8 15. Bxc5 Nxc5 16. c3 e5 17. Ng3 e4 18. Bg4 Rc6 19. Qd4 g6 20. Rad1 Nd3 21.
Rd2 Rc4 22. Qa7 Qc7 23. b3 Rc5 24. b4 Rc4 25. Rxd3 exd3 26. e4 d4 27. cxd4 Ra8 28. Qc5 Rxc5 29. bxc5 Rd8 30. d5 Qxc5 31. Rd1 Qc2 32. h3 d2 33. h4 h5 34. Bf3 Qxa2 35.
Ne2 b4 0-1

[Event "*** Titled Tuesday Blitz"]
[Site "Chess.com"]
[Date "2020.04.14"]
[Round "6"]
[White "VojtechPlat"]
[Black "MishkaFighter"]
[Result "0-1"]
[WhiteElo "2725"]
[BlackElo "2601"]
[TimeControl "180+1"]
[EndTime "11:02:14 PDT"]
[Termination "MishkaFighter won by resignation"]

1. e4 c6 2. d4 d5 3. exd5 cxd5 4. Bd3 Nc6 5. c3 g6 6. Ne2 Nh6 7. O-O Bg7 8. Na3 O-O 9. Re1 f6 10. Nc2 e5 11. dxe5 fxe5 12. Ne3 Be6 13. Ng3 Qf6 14. Qe2 e4 15. Bc2 Ne5 16. Bb3 Rad8 17. Nc2 Nd3 18. Rf1 Ng4 19. Nd4 Qh4 20. h3 Ngxf2 21. Nxe6 Nxh3+ 22. gxh3 Qxg3+ 23. Kh1 Qxh3+ 24. Kg1 Qg3+ 25. Kh1 Rxf1+ 26. Qxf1 Nf2+ 27. Qxf2 Qxf2 28. Bf4 Qf3+ 29.
Kh2 Qh5+ 30. Kg3 Be5 31. Rf1 Bxf4+ 32. Rxf4 Re8 33. Nc7 Qg5+ 0-1

[Event "*** Titled Tuesday Blitz"]
[Site "Chess.com"]
[Date "2020.04.14"]
[Round "6"]
[White "Spalir"]
[Black "thedjoker98"]
[Result "1/2-1/2"]
[WhiteElo "2602"]
[BlackElo "2461"]
[TimeControl "180+1"]
[EndTime "11:02:14 PDT"]
[Termination "Game drawn by repetition"]

1. d4 d5 2. Nf3 Nf6 3. c4 c6 4. Nc3 dxc4 5. a4 Bf5 6. e3 e6 7. Bxc4 Bb4 8. O-O O-O 9. Qe2 Nbd7 10. e4 Bg6 11. Bd3 Bh5 12. e5 Nd5 13. Nxd5 cxd5 14. Qe3 Be7 15. Bd2 Nb8 16. b4 Nc6 17. b5 Na5 18. Rfc1 Bg6 19. Bxg6 hxg6 20. Bxa5 Qxa5 21. Qc3 Qxc3 22. Rxc3 Rfc8 23. Rac1 Rxc3 24. Rxc3 Bd8 25. Kf1 Kf8 26. h4 Ke8 27. Ke2 Kd7 28. Ng5 Bxg5 29.
hxg5 Rc8 30. Rxc8 Kxc8 31. a5 b6 32. axb6 axb6 33. f4 Kd7 34. g4 Ke7 35. Kf3 Kf8 36. Kg3 Kg8 37. Kf3 Kh8 38. Ke3 Kg8 39. Kd3 Kf8 40. Ke3 Ke8 41. Kd3 Kd8 42. Ke2 Kc8 43. Kd3 Kb8 44. Kc3 Kc7 45. Kb4 Kd7 46. Ka4 Ke7 47. Kb4 Kf8 48. Kc3 Ke8 49. Kd3 Kd7 50.
Ke3 Ke8 51. Kf3 Kf8 52. Ke3 Kg8 53. Kf3 Kh8 54. Ke3 Kh7 55. Kf3 Kg8 56. Ke3 Kf8 57. Kf3 Ke7 58. Ke3 Kf8 59. Kf3 Ke7 60. Ke3 Kf8 1/2-1/2

[Event "*** Titled Tuesday Blitz"]
[Site "Chess.com"]
[Date "2020.04.14"]
[Round "6"]
[White "INLOVEWITHF"]
[Black "KazakhFighter04"]
[Result "1/2-1/2"]
[WhiteElo "2589"]
[BlackElo "2723"]
[TimeControl "180+1"]
[EndTime "11:02:15 PDT"]
[Termination "Game drawn by agreement"]

1. d4 Nf6 2. c4 g6 3. Nc3 d5 4.
cxd5 Nxd5 5. e4 Nxc3 6. bxc3 Bg7 7. Nf3 O-O 8. Be2 c5 9. Rb1 cxd4 10. cxd4 Qa5+ 11.
Bd2 Qxa2 12. O-O Rd8 13. Qc1 Qe6 14. Bc4 Qd7 15. Bh6 e6 16. Bxg7 Kxg7 17. d5 exd5 18. exd5 Qd6 19. Ng5 Nd7 20. Ne4 Qe5 21. Re1 Nf6 22.
Nc3 Qc7 23. Nb5 Qc5 24. Qf4 Bf5 25. Rbc1 a6 26. Nd4 Be4 27. Rxe4 Nxe4 28. Qxe4 b5 29.
Qe5+ Kg8 30. Ne6 fxe6 31. Qxe6+ Kg7 32. Qe5+ Kf7 33. d6+ Qxc4 34. Rxc4 bxc4 35. Qe7+ Kg8 36. Qe6+ Kg7 37. Qe7+ Kh8 38. Qf6+ Kg8 39. Qe6+ 1/2-1/2

[Event "*** Titled Tuesday Blitz"]
[Site "Chess.com"]
[Date "2020.04.14"]
[Round "6"]
[White "TheBigBoss04"]
[Black "Grandmaster2B"]
[Result "1-0"]
[WhiteElo "2763"]
[BlackElo "2537"]
[TimeControl "180+1"]
[EndTime "11:02:16 PDT"]
[Termination "TheBigBoss04 won by resignation"]

1. Nf3 Nf6 2. d4 e6 3. Bg5 d5 4.
Nbd2 Be7 5. e3 Nbd7 6. c4 O-O 7. Bd3 c5 8. O-O a6 9. cxd5 Nxd5 10. Bxe7 Qxe7 11. Rc1 b5 12. Ne4 cxd4 13. Nxd4 Bb7 14.
a4 b4 15. a5 Rac8 16. Qe2 f5 17. Nd2 Qd6 18. Nc4 Qe7 19. Rfd1 Nc5 20. Bb1 g6 21. Ne5 Nd7 22. Nxd7 Qxd7 23. Ba2 Kh8 24. Nf3 Rxc1 25. Rxc1 Rc8 26. Rd1 Qc7 27. Qd2 Qxa5 28. Qd4+ Kg8 29.
Bb3 Qc7 30. h4 a5 31. Ng5 Qc6 32. Qe5 Re8 33. e4 Qc7 34. Rxd5 Qc1+ 35. Rd1 1-0

[Event "*** Titled Tuesday Blitz"]
[Site "Chess.com"]
[Date "2020.04.14"]
[Round "6"]
[White "Grischuk"]
[Black "GadimbayliA"]
[Result "1/2-1/2"]
[WhiteElo "3095"]
[BlackElo "2905"]
[TimeControl "180+1"]
[EndTime "11:02:17 PDT"]
[Termination "Game drawn by agreement"]

1. Nf3 d5 2. g3 Nc6 3. d4 Bg4 4.
Nbd2 Qd7 5. h3 Bxf3 6. Nxf3 g6 7. Bg2 Bg7 8. O-O e6 9. e3 Nge7 10. c4 O-O 11. Qe2 Rfe8 12. Bd2 e5 13. dxe5 Nxe5 14. Nxe5 Bxe5 15. cxd5 Nxd5 16. Rad1 c6 17. Bc1 Qe6 18. Qc4 Rad8 19. Qb3 Nb6 20. Qxe6 fxe6 21. f4 Bf6 22. e4 Bd4+ 23. Kh2 Nc4 24. b3 Ne3 25. Bxe3 Bxe3 26. e5 Kf7 27. h4 Ke7 28. Be4 Rxd1 29. Rxd1 Rd8 30. Rxd8 Kxd8 31. h5 gxh5 32. Kh3 h6 33. Bf3 1/2-1/2